 Dungeon Crawl Stone Soup version 0.18.1-50-g88ac8fd (webtiles) character file.

583 lube99 the Skirmisher (level 7, 0/59 HPs)
             Began as a Human Fighter on Oct 18, 2016.
             Slain by Qew7's ghost (5 damage)
             ... on level 4 of the Dungeon.
             The game lasted 00:17:35 (3255 turns).

lube99 the Skirmisher (Human Fighter)               Turns: 3255, Time: 00:17:35

Health: 0/59       AC:  7    Str: 17    XL:     7   Next: 64%
Magic:  7/7        EV:  7    Int: 12    God:
Gold:   126        SH:  9    Dex: 13    Spells: 0 memorised, 6 levels left

rFire  . . .     SeeInvis .     g - +2 dagger (drain)
rCold  . . .     Gourm    .     a - +0 scale mail
rNeg   . . .     Faith    .     b - +0 shield
rPois  .         Spirit   .     (no helmet)
rElec  .         Dismiss  .     (no cloak)
rCorr  .         Reflect  .     (no gloves)
SustAt .         Harm     .     (no boots)
MR     .....                    (no amulet)
Stlth  +.........               (no ring)
                                v - +3 ring of intelligence

@: not resistant to hostile enchantments, very unstealthy
A: no striking features
a: no special abilities


You were on level 4 of the Dungeon.
You were not hungry.

You visited 1 branch of the dungeon, and saw 4 of its levels.

You collected 126 gold pieces.

Inventory:

Hand Weapons
 c - a +0 hunting sling
 g - a +2 dagger of draining (weapon)
Missiles
 k - 31 poisoned needles
Armour
 a - a +0 scale mail (worn)
 b - a +0 shield (worn)
 n - a cursed +0 leather armour
 o - a +0 ring mail of cold resistance
Jewellery
 h - a cursed ring of teleportation {unknown}
 q - an uncursed amulet of regeneration {unknown}
 v - a +3 ring of intelligence (left hand)
Scrolls
 f - a scroll of fog {unknown}
 i - 2 scrolls of enchant weapon {unknown}
 j - 3 scrolls of remove curse {unknown}
 l - 2 scrolls of enchant armour {unknown}
 m - 4 scrolls of identify {unknown}
 s - a scroll of fear {unknown}
Potions
 e - a potion of flight {unknown}
 r - a potion of degeneration
 u - a potion of agility
 x - a potion of brilliance
Books
 t - a book of Summonings

   Spells                             Type                      Level
   a - Recall                         Summoning/Translocation      3
   b - Aura of Abjuration             Summoning                    5
   c - Summon Demon                   Summoning                    5
   d - Summon Forest                  Summoning/Translocation      5
   e - Summon Mana Viper              Hexes/Summoning              5
   f - Shadow Creatures               Summoning                    6
Comestibles
 d - a bread ration
 p - 2 fruits
 w - 2 slices of pizza


   Skills:
 * Level 6.6 Fighting
 - Level 3.7 Armour
 - Level 0.2 Dodging
 + Level 4.1 Stealth
 - Level 3.3 Shields
 - Level 2.1 Unarmed Combat


You had 6 spell levels left.
You didn't know any spells.

Dungeon Overview and Level Annotations

Branches:
Dungeon (4/15)             Temple (0/1) D:4

Altars:
Dithmenos
Ru

Annotations:
D:4 Qew7's ghost, amateur OpAs


Message History

You hit Qew7's ghost.
Qew7's ghost is heavily damaged.
Qew7's ghost hits you.
* * * LOW HITPOINT WARNING * * *
Qew7's ghost freezes you.
* * * LOW HITPOINT WARNING * * *
You closely miss Qew7's ghost.
Qew7's ghost is heavily damaged.
Qew7's ghost hits you but does no damage.
You hit Qew7's ghost but do no damage.
Qew7's ghost is heavily damaged.
Qew7's ghost screams, "You will never get the ORB!"
Qew7's ghost hits you but does no damage.
Your shield and scale mail prevent you from hitting Qew7's ghost.
Qew7's ghost is heavily damaged.
Qew7's ghost hits you but does no damage.
You hit Qew7's ghost.
Qew7's ghost is severely damaged.
Qew7's ghost hits you.
You die...

...............#####.....#
...>.............#.#####.##
.###.............#........# .#
#....O........#######..# .#
#.............# #..<#..#
.######.#####....# #.#.#..#
.#...W†.# ###.####.#.#..#######
.#.############....#.###........#
............)..W@#.#......#####.#
.#........[.####.#.############.#
###########.# #.#..............#
#.# #.################ #.####.#
#......# ########


You could see Qew7's ghost.

Vanquished Creatures
  Grinder (D:3)
  An ogre (D:4)
  A giant frog skeleton (D:3)
  Crazy Yiuf (D:3)
  2 orc wizards (D:3)
  A worker ant (D:4)
  7 adders
  4 worms
  3 dart slugs
  3 giant geckos
  12 orcs
  A ball python (D:1)
  6 bats
  A giant cockroach (D:1)
  10 goblins
  5 hobgoblins
  6 jackals (D:2)
  6 kobolds
  3 quokkas
  5 giant newts
  4 rats (D:2)
83 creatures vanquished.

Notes
Turn   | Place    | Note
--------------------------------------------------------------
     0 | D:1      | lube99 the Human Fighter began the quest for the Orb.
     0 | D:1      | Reached XP level 1. HP: 18/18 MP: 1/1
   193 | D:1      | Reached XP level 2. HP: 23/24 MP: 2/2
   663 | D:2      | Reached XP level 3. HP: 29/29 MP: 3/3
   887 | D:2      | Reached XP level 4. HP: 34/36 MP: 4/4
  1042 | D:2      | Found a sacrificial altar of Ru.
  1187 | D:2      | Reached skill level 1 in Stealth
  1396 | D:2      | Reached skill level 4 in Fighting
  1673 | D:2      | Reached XP level 5. HP: 35/42 MP: 5/5
  1917 | D:3      | Noticed Crazy Yiuf
  1926 | D:3      | Killed Crazy Yiuf
  2195 | D:3      | Noticed Grinder
  2250 | D:3      | Killed Grinder
  2250 | D:3      | Reached skill level 5 in Fighting
  2250 | D:3      | Reached XP level 6. HP: 52/52 MP: 6/6
  2250 | D:3      | Reached XP level 7. HP: 57/57 MP: 7/7
  2578 | D:4      | Noticed Qew7's ghost (amateur OpAs)
  2595 | D:3      | Reached skill level 6 in Fighting
  3102 | D:4      | Found a staircase to the Ecumenical Temple.
  3117 | D:4      | Found a shadowy altar of Dithmenos.
  3255 | D:4      | Slain by Qew7's ghost

Skill      XL: |  1  2  3  4  5  6  7 |
---------------+----------------------+-----
Stealth        | 1 3 4 |  4.1
Fighting       | 4 5 6 |  6.6
Armour         | |  3.7
Dodging        | |  0.2
Shields        | |  3.3
Unarmed Combat | |  2.1

Action                   |  1- 3 |  4- 6 |  7- 9 || total
-------------------------+-------+-------+-------++-------
Melee: Dagger            |    82 |   128 |   128 ||   338
       Unarmed           |     2 |       |       ||     2
  Use: Potion            |       |    10 |       ||    10
  Eat: Bread ration      |       |     1 |       ||     1
       Meat ration       |       |       |     1 ||     1
Armor: Scale mail        |    31 |    54 |    43 ||   128
Dodge: Dodged            |    27 |    32 |    21 ||    80
Block: Shield            |    35 |    48 |    56 ||   139
